Lightning vs Hurricanes

Created - December 11 2007 at 19:25

Goals
1 2 3 T
Lightning 2 0 1 3
Hurricanes 0 1 1 2
Shots
1 2 3 T
Lightning 11 6 12 29
Hurricanes 4 8 4 16

Period #1

1. Lightning , Jaromir Jagr 20 (Mats Sundin, Vaclav Prospal) at 15:43 (PP)
2. Lightning , Carlo Colaiacovo 2 (Mats Sundin, Jaromir Jagr) at 16:57 (PP)

Penalties :
Aaron Ward (CAR) for Hooking (Minor) at 6:22, Erik Cole (CAR) for High sticking (Minor) at 8:29, Aaron Ward (CAR) for Hooking (Minor) at 14:03, Aaron Ward (CAR) for Hooking (Minor) at 16:22

Period #2

3. Hurricanes , Mikko Koivu 11 (Ray Whitney, Pavol Demitra) at 0:14

Penalties :
Kevin Bieksa (CAR) for Diving (Minor) at 3:15, Aaron Miller (CAR) for Goalie Interference (Minor) at 8:47, Nolan Pratt (TBL) for Hooking (Minor) at 13:20

Period #3

4. Lightning , Jason Blake 19 (Vincent Lecavalier, Chris Phillips) at 19:30 (Empty Net)
5. Hurricanes , Erik Cole 8 (Eric Staal) at 19:37

Penalties :
Sergei Gonchar (CAR) for Roughing (Minor) at 1:19, Tom Kostopoulos (CAR) for Goalie Interference (Minor) at 3:50, Aaron Miller (CAR) for High sticking (Minor) at 6:35, Eric Lindros (TBL) for Tripping (Minor) at 10:02, Tom Kostopoulos (CAR) for Tripping (Minor) at 15:43, Aaron Ward (CAR) for Boarding (Minor) at 19:49, Sergei Gonchar (CAR) for Roughing (Minor) at 19:55

Goalie Stats

Martin Gerber (TBL), 14 saves from 16 shots - (0.875), W, 17-12-6, 60:00 minutes
Cristobal Huet (CAR), 26 saves from 28 shots - (0.929), L, 10-15-2, 59:36 minutes

Players Stats

Lightning
Player Name              G  A  P  +/- PIM S  H  SB FO MP 
-----------------------------------------------------------
Antti Laaksonen          0  0  0   0  0   0  0  0  2  10 
Carlo Colaiacovo         1  0  1   0  0   3  0  0  0  22 
Chris Phillips           0  1  1   1  0   0  0  0  0  8  
Cory Sarich              0  0  0  -1  0   2  1  1  0  21 
Dimitry Afanasenkov      0  0  0   0  0   1  0  0  0  7  
Eric Lindros             0  0  0   0  2   0  3  0  3  20 
Jaromir Jagr             1  1  2  -1  0   4  3  0  3  21 
Jason Blake              1  0  1   0  0   4  2  0  2  23 
Jay Pandolfo             0  0  0   0  0   0  0  0  0  14 
Mats Sundin              0  2  2  -1  0   2  0  0  18 22 
Nolan Pratt              0  0  0  -1  2   0  2  1  0  19 
Pierre Turgeon           0  0  0   0  0   0  0  0  0  5  
Ruslan Fedotenko         0  0  0   0  0   1  2  0  0  13 
Tim Taylor               0  0  0   0  0   0  0  0  15 18 
Tom Poti                 0  0  0  -1  0   4  1  0  0  25 
Vaclav Prospal           0  1  1  -1  0   2  2  0  0  21 
Vincent Lecavalier       0  1  1   0  0   6  0  0  22 23 
Willie Mitchell          0  0  0   0  0   0  1  1  0  22 
Hurricanes
Player Name              G  A  P  +/- PIM S  H  SB FO MP 
-----------------------------------------------------------
Aaron Miller             0  0  0   0  4   0  2  1  0  20 
Aaron Ward               0  0  0   1  8   0  4  1  0  19 
Brendan Morrison         0  0  0   0  0   0  1  0  9  16 
Brent Sopel              0  0  0   0  0   1  0  2  0  18 
Chris Gratton            0  0  0   0  0   0  0  0  0  7  
Cory Stillman            0  0  0   0  0   1  0  0  0  14 
Eric Belanger            0  0  0   0  0   0  0  1  10 14 
Eric Staal               0  1  1   1  0   1  1  0  16 15 
Erik Cole                1  0  1   1  2   5  1  0  1  13 
Joe Corvo                0  0  0   1  0   1  1  0  0  20 
Kevin Bieksa             0  0  0   0  2   2  2  1  0  23 
Ladislav Nagy            0  0  0   1  0   1  0  0  1  13 
Mikko Koivu              1  0  1   0  0   2  1  0  27 21 
Pavol Demitra            0  1  1   0  0   0  0  0  0  21 
Ray Whitney              0  1  1   0  0   2  0  0  0  13 
Sergei Gonchar           0  0  0   0  4   0  2  2  0  23 
Shawn Bates              0  0  0   0  0   0  1  0  1  14 
Tom Kostopoulos          0  0  0   0  4   0  1  0  0  14 

3 Stars

1 - Jaromir Jagr (TBL)
2 - Erik Cole (CAR)
3 - Jason Blake (TBL)

Power Play

Lightning - 2 on 12 Attempt(s) - 16.67%
Hurricanes - 0 on 2 Attempt(s) - 0.00%

Penalty Kill

Lightning - 2 on 2 Attempt(s) - 100.00% - Score 0 goal in Penalty Kill
Hurricanes - 10 on 12 Attempt(s) - 83.33% - Score 0 goal in Penalty Kill

Game Notes

Jason Blake has scored in a empty net!

Finance

Level 1 -- Attendance: 3605 (60.09%) -- Ticket Income $342,475.00
Level 2 -- Attendance: 4209 (84.17%) -- Ticket Income $231,495.00
Level 3 -- Attendance: 1297 (64.83%) -- Ticket Income $45,395.00
Level 4 -- Attendance: 3227 (80.67%) -- Ticket Income $64,540.00
Luxury Box -- Attendance: 886 (88.62%) -- Ticket Income $172,770.00
Game was played at the RBC Center
Total Attendance: 13224 (70.60%)
Total Ticket Income: $879,261.00
Other Income: $162,545.70
Total Income: $1,041,807.00


Play by Play

Period #1

0:01 of 1st period - Vincent Lecavalier wins face-off versus Mikko Koivu in neutral zone.
0:03 of 1st period - Tom Poti is hit by Sergei Gonchar and loses puck.
0:10 of 1st period - Shot by Ray Whitney.
0:10 of 1st period - Stopped by Martin Gerber without a rebound.
0:11 of 1st period - Mats Sundin wins face-off versus Eric Staal in Lightning zone.
0:17 of 1st period - Vaclav Prospal is hit by Erik Cole and loses puck.
0:22 of 1st period - Shot by Carlo Colaiacovo.
0:22 of 1st period - Shot Blocked by Aaron Ward.
0:24 of 1st period - Shot by Vaclav Prospal.
0:24 of 1st period - Stopped by Cristobal Huet without a rebound.
0:25 of 1st period - Mikko Koivu wins face-off versus Vincent Lecavalier in Hurricanes zone.
1:31 of 1st period - Icing by Sergei Gonchar.
1:32 of 1st period - Tim Taylor wins face-off versus Mikko Koivu in Hurricanes zone.
1:32 of 1st period - Ruslan Fedotenko is hit by Kevin Bieksa and loses puck.
2:30 of 1st period - Shot by Erik Cole.
2:30 of 1st period - Stopped by Martin Gerber without a rebound.
2:31 of 1st period - Brendan Morrison wins face-off versus Mats Sundin in Lightning zone.
2:57 of 1st period - Shot by Mats Sundin.
2:57 of 1st period - Shot Blocked by Aaron Miller.
4:33 of 1st period - Shot by Dimitry Afanasenkov.
4:33 of 1st period - Shot Misses the Net.
5:35 of 1st period - Vincent Lecavalier is hit by Shawn Bates and loses puck.
5:46 of 1st period - Shot by Jason Blake.
5:46 of 1st period - Stopped by Cristobal Huet without a rebound.
5:47 of 1st period - Eric Staal wins face-off versus Antti Laaksonen in Hurricanes zone.
6:02 of 1st period - Jaromir Jagr is hit by Aaron Ward.
6:14 of 1st period - Joe Corvo is hit by Jaromir Jagr and loses puck.
6:22 of 1st period - Minor Penalty to Aaron Ward for Hooking.
6:23 of 1st period - Vincent Lecavalier wins face-off versus Mikko Koivu in Hurricanes zone.
6:30 of 1st period - Shot by Jason Blake.
6:30 of 1st period - Deflect By Vincent Lecavalier.
6:30 of 1st period - Shot Blocked by Brent Sopel.
6:32 of 1st period - Shot by Cory Sarich.
6:32 of 1st period - Stopped by Cristobal Huet without a rebound.
6:33 of 1st period - Vincent Lecavalier wins face-off versus Mikko Koivu in Hurricanes zone.
6:33 of 1st period - Vincent Lecavalier is hit by Joe Corvo.
8:17 of 1st period - Shot by Jason Blake.
8:17 of 1st period - Shot Misses the Net.
8:28 of 1st period - Jay Pandolfo is hit by Eric Staal and loses puck.
8:29 of 1st period - Minor Penalty to Erik Cole for High sticking.
8:30 of 1st period - Mikko Koivu wins face-off versus Vincent Lecavalier in neutral zone.
8:49 of 1st period - Shot by Tom Poti.
8:49 of 1st period - Stopped by Cristobal Huet with a rebound.
9:02 of 1st period - Icing by Antti Laaksonen.
9:03 of 1st period - Mikko Koivu wins face-off versus Vincent Lecavalier in Lightning zone.
10:14 of 1st period - Icing by Jaromir Jagr.
10:15 of 1st period - Mats Sundin wins face-off versus Eric Belanger in Lightning zone.
10:46 of 1st period - Shot by Cory Stillman.
10:46 of 1st period - Stopped by Martin Gerber without a rebound.
10:47 of 1st period - Tim Taylor wins face-off versus Eric Staal in Lightning zone.
12:00 of 1st period - Shot by Brendan Morrison.
12:00 of 1st period - Shot Misses the Net.
12:06 of 1st period - Aaron Miller is hit by Jason Blake and loses puck.
13:25 of 1st period - Shot by Ruslan Fedotenko.
13:25 of 1st period - Stopped by Cristobal Huet with a rebound.
13:29 of 1st period - Shot by Vincent Lecavalier.
13:29 of 1st period - Shot Blocked by Kevin Bieksa.
13:39 of 1st period - Shot by Jason Blake.
13:39 of 1st period - Shot Misses the Net.
13:41 of 1st period - Shot by Mats Sundin.
13:41 of 1st period - Stopped by Cristobal Huet without a rebound.
13:42 of 1st period - Antti Laaksonen wins face-off versus Eric Staal in Hurricanes zone.
14:03 of 1st period - Minor Penalty to Aaron Ward for Hooking.
14:04 of 1st period - Mats Sundin wins face-off versus Mikko Koivu in Hurricanes zone.
14:11 of 1st period - Shot by Jaromir Jagr.
14:11 of 1st period - Shot Misses the Net.
15:30 of 1st period - Chris Gratton is hit by Vaclav Prospal and loses puck.
15:39 of 1st period - Shot by Jaromir Jagr.
15:39 of 1st period - Shot Hit the Post.
15:43 of 1st period - Shot by Jaromir Jagr.
15:43 of 1st period - Goal by Jaromir Jagr - Lightning : 1 - Hurricanes : 0.
15:44 of 1st period - Mikko Koivu wins face-off versus Tim Taylor in neutral zone.
15:52 of 1st period - Pavol Demitra is hit by Ruslan Fedotenko and loses puck.
16:03 of 1st period - Shot by Ray Whitney.
16:03 of 1st period - Shot Misses the Net.
16:05 of 1st period - Shot by Kevin Bieksa.
16:05 of 1st period - Stopped by Martin Gerber without a rebound.
16:06 of 1st period - Eric Staal wins face-off versus Tim Taylor in Lightning zone.
16:22 of 1st period - Minor Penalty to Aaron Ward for Hooking.
16:23 of 1st period - Mikko Koivu wins face-off versus Vincent Lecavalier in Hurricanes zone.
16:34 of 1st period - Shot by Jason Blake.
16:34 of 1st period - Stopped by Cristobal Huet with a rebound.
16:36 of 1st period - Shot by Tom Poti.
16:36 of 1st period - Stopped by Cristobal Huet with a rebound.
16:40 of 1st period - Shot by Vincent Lecavalier.
16:40 of 1st period - Stopped by Cristobal Huet without a rebound.
16:41 of 1st period - Mats Sundin wins face-off versus Mikko Koivu in Hurricanes zone.
16:55 of 1st period - Shot by Mats Sundin.
16:55 of 1st period - Shot Misses the Net.
16:57 of 1st period - Shot by Carlo Colaiacovo.
16:57 of 1st period - Goal by Carlo Colaiacovo - Lightning : 2 - Hurricanes : 0.
16:58 of 1st period - Tim Taylor wins face-off versus Eric Staal in neutral zone.
17:50 of 1st period - Icing by Aaron Ward.
17:51 of 1st period - Vincent Lecavalier wins face-off versus Ladislav Nagy in Hurricanes zone.
18:24 of 1st period - Sergei Gonchar is hit by Eric Lindros and loses puck.
18:44 of 1st period - Icing by Pavol Demitra.
18:45 of 1st period - Mats Sundin wins face-off versus Mikko Koivu in Hurricanes zone.
18:46 of 1st period - Shot by Jaromir Jagr.
18:46 of 1st period - Shot Misses the Net.
19:27 of 1st period - Tom Kostopoulos is hit by Nolan Pratt and loses puck.
19:39 of 1st period - Brendan Morrison is hit by Nolan Pratt.

Period #2

0:01 of 2nd period - Mikko Koivu wins face-off versus Vincent Lecavalier in neutral zone.
0:14 of 2nd period - Shot by Mikko Koivu.
0:14 of 2nd period - Goal by Mikko Koivu - Lightning : 2 - Hurricanes : 1.
0:15 of 2nd period - Mats Sundin wins face-off versus Eric Staal in neutral zone.
0:20 of 2nd period - Shot by Vaclav Prospal.
0:20 of 2nd period - Stopped by Cristobal Huet without a rebound.
0:21 of 2nd period - Brendan Morrison wins face-off versus Tim Taylor in Hurricanes zone.
0:36 of 2nd period - Icing by Jay Pandolfo.
0:37 of 2nd period - Tim Taylor wins face-off versus Mikko Koivu in Lightning zone.
0:44 of 2nd period - Shot by Carlo Colaiacovo.
0:44 of 2nd period - Stopped by Cristobal Huet without a rebound.
0:45 of 2nd period - Eric Staal wins face-off versus Vincent Lecavalier in Hurricanes zone.
0:49 of 2nd period - Off-side.
0:50 of 2nd period - Mikko Koivu wins face-off versus Jason Blake in neutral zone.
1:03 of 2nd period - Shot by Ray Whitney.
1:03 of 2nd period - Stopped by Martin Gerber without a rebound.
1:04 of 2nd period - Eric Staal wins face-off versus Mats Sundin in Lightning zone.
2:32 of 2nd period - Icing by Tom Poti.
2:33 of 2nd period - Vincent Lecavalier wins face-off versus Brendan Morrison in Lightning zone.
2:51 of 2nd period - Shot by Brent Sopel.
2:51 of 2nd period - Stopped by Martin Gerber without a rebound.
2:52 of 2nd period - Eric Belanger wins face-off versus Tim Taylor in Lightning zone.
2:52 of 2nd period - Eric Belanger is hit by Cory Sarich.
3:15 of 2nd period - Minor Penalty to Kevin Bieksa for Diving.
3:16 of 2nd period - Mikko Koivu wins face-off versus Mats Sundin in Hurricanes zone.
3:16 of 2nd period - Mikko Koivu is hit by Jaromir Jagr.
4:49 of 2nd period - Mats Sundin is hit by Aaron Ward and loses puck.
5:51 of 2nd period - Shot by Cory Stillman.
5:51 of 2nd period - Shot Blocked by Cory Sarich.
5:55 of 2nd period - Shot by Tom Kostopoulos.
5:55 of 2nd period - Shot Misses the Net.
6:20 of 2nd period - Shawn Bates is hit by Jason Blake and loses puck.
6:28 of 2nd period - Shot by Vincent Lecavalier.
6:28 of 2nd period - Stopped by Cristobal Huet with a rebound.
6:32 of 2nd period - Shot by Jason Blake.
6:32 of 2nd period - Shot Misses the Net.
6:34 of 2nd period - Shot by Willie Mitchell.
6:34 of 2nd period - Shot Misses the Net.
6:36 of 2nd period - Shot by Vincent Lecavalier.
6:36 of 2nd period - Stopped by Cristobal Huet with a rebound.
6:38 of 2nd period - Shot by Tom Poti.
6:38 of 2nd period - Stopped by Cristobal Huet without a rebound.
6:39 of 2nd period - Mats Sundin wins face-off versus Eric Staal in Hurricanes zone.
6:39 of 2nd period - Mats Sundin is hit by Aaron Ward.
6:44 of 2nd period - Mats Sundin is hit by Aaron Ward.
6:59 of 2nd period - Shot by Eric Staal.
6:59 of 2nd period - Shot Misses the Net.
7:01 of 2nd period - Shot by Erik Cole.
7:01 of 2nd period - Stopped by Martin Gerber without a rebound.
7:02 of 2nd period - Mikko Koivu wins face-off versus Tim Taylor in Lightning zone.
8:28 of 2nd period - Shot by Eric Staal.
8:28 of 2nd period - Stopped by Martin Gerber without a rebound.
8:29 of 2nd period - Tim Taylor wins face-off versus Brendan Morrison in Lightning zone.
8:46 of 2nd period - Shot by Carlo Colaiacovo.
8:46 of 2nd period - Shot Blocked by Brent Sopel.
8:47 of 2nd period - Minor Penalty to Aaron Miller for Goalie Interference.
8:48 of 2nd period - Eric Belanger wins face-off versus Mats Sundin in Hurricanes zone.
9:45 of 2nd period - Shot by Pavol Demitra.
9:45 of 2nd period - Deflect By Mikko Koivu.
9:45 of 2nd period - Stopped by Martin Gerber without a rebound.
9:46 of 2nd period - Vincent Lecavalier wins face-off versus Mikko Koivu in Lightning zone.
10:35 of 2nd period - Shot by Antti Laaksonen.
10:35 of 2nd period - Shot Misses the Net.
11:18 of 2nd period - Mats Sundin is hit by Brendan Morrison and loses puck.
12:32 of 2nd period - Pavol Demitra is hit by Willie Mitchell and loses puck.
13:20 of 2nd period - Minor Penalty to Nolan Pratt for Hooking.
13:21 of 2nd period - Mikko Koivu wins face-off versus Tim Taylor in Lightning zone.
14:27 of 2nd period - Shot by Kevin Bieksa.
14:27 of 2nd period - Stopped by Martin Gerber without a rebound.
14:28 of 2nd period - Eric Staal wins face-off versus Eric Lindros in Lightning zone.
15:15 of 2nd period - Shot by Sergei Gonchar.
15:15 of 2nd period - Deflect By Erik Cole.
15:15 of 2nd period - Shot Blocked by Willie Mitchell.
15:19 of 2nd period - Shot by Erik Cole.
15:19 of 2nd period - Stopped by Martin Gerber with a rebound.
15:23 of 2nd period - Shot by Brent Sopel.
15:23 of 2nd period - Shot Blocked by Nolan Pratt.
15:38 of 2nd period - Cory Stillman is hit by Tom Poti and loses puck.
16:17 of 2nd period - Shot by Jay Pandolfo.
16:17 of 2nd period - Shot Misses the Net.
17:45 of 2nd period - Eric Staal is hit by Eric Lindros and loses puck.
18:49 of 2nd period - Shot by Vincent Lecavalier.
18:49 of 2nd period - Stopped by Cristobal Huet without a rebound.
18:50 of 2nd period - Brendan Morrison wins face-off versus Jason Blake in Hurricanes zone.
19:23 of 2nd period - Shot by Cory Stillman.
19:23 of 2nd period - Shot Misses the Net.

Period #3

0:01 of 3rd period - Vincent Lecavalier wins face-off versus Mikko Koivu in neutral zone.
1:19 of 3rd period - Minor Penalty to Sergei Gonchar for Roughing.
1:20 of 3rd period - Vincent Lecavalier wins face-off versus Eric Belanger in Hurricanes zone.
1:23 of 3rd period - Shot by Vincent Lecavalier.
1:23 of 3rd period - Stopped by Cristobal Huet with a rebound.
1:27 of 3rd period - Shot by Vincent Lecavalier.
1:27 of 3rd period - Deflect By Jason Blake.
1:27 of 3rd period - Stopped by Cristobal Huet without a rebound.
1:28 of 3rd period - Eric Belanger wins face-off versus Mats Sundin in Hurricanes zone.
1:45 of 3rd period - Shot by Mats Sundin.
1:45 of 3rd period - Stopped by Cristobal Huet without a rebound.
1:46 of 3rd period - Eric Belanger wins face-off versus Eric Lindros in Hurricanes zone.
2:45 of 3rd period - Shot by Jaromir Jagr.
2:45 of 3rd period - Stopped by Cristobal Huet without a rebound.
2:46 of 3rd period - Mikko Koivu wins face-off versus Vincent Lecavalier in Hurricanes zone.
3:40 of 3rd period - Jay Pandolfo is hit by Sergei Gonchar and loses puck.
3:50 of 3rd period - Minor Penalty to Tom Kostopoulos for Goalie Interference.
3:51 of 3rd period - Mats Sundin wins face-off versus Mikko Koivu in neutral zone.
4:24 of 3rd period - Shot by Jaromir Jagr.
4:24 of 3rd period - Shot Misses the Net.
4:28 of 3rd period - Shot by Jaromir Jagr.
4:28 of 3rd period - Stopped by Cristobal Huet without a rebound.
4:29 of 3rd period - Shawn Bates wins face-off versus Vincent Lecavalier in Hurricanes zone.
4:54 of 3rd period - Eric Lindros is hit by Mikko Koivu and loses puck.
5:20 of 3rd period - Shot by Joe Corvo.
5:20 of 3rd period - Stopped by Martin Gerber without a rebound.
5:21 of 3rd period - Mikko Koivu wins face-off versus Mats Sundin in Lightning zone.
5:36 of 3rd period - Shot by Mikko Koivu.
5:36 of 3rd period - Shot Misses the Net.
6:07 of 3rd period - Jay Pandolfo is hit by Aaron Miller and loses puck.
6:19 of 3rd period - Ruslan Fedotenko is hit by Aaron Miller and loses puck.
6:35 of 3rd period - Minor Penalty to Aaron Miller for High sticking.
6:36 of 3rd period - Jaromir Jagr wins face-off versus Eric Belanger in Hurricanes zone.
6:37 of 3rd period - Shot by Mats Sundin.
6:37 of 3rd period - Shot Blocked by Eric Belanger.
6:55 of 3rd period - Shot by Mats Sundin.
6:55 of 3rd period - Shot Blocked by Sergei Gonchar.
9:19 of 3rd period - Shot by Ladislav Nagy.
9:19 of 3rd period - Stopped by Martin Gerber without a rebound.
9:20 of 3rd period - Mikko Koivu wins face-off versus Tim Taylor in Lightning zone.
10:02 of 3rd period - Minor Penalty to Eric Lindros for Tripping.
10:03 of 3rd period - Erik Cole wins face-off versus Vincent Lecavalier in Hurricanes zone.
10:44 of 3rd period - Icing by Eric Staal.
10:45 of 3rd period - Eric Staal wins face-off versus Tim Taylor in Hurricanes zone.
11:09 of 3rd period - Icing by Aaron Ward.
11:10 of 3rd period - Eric Staal wins face-off versus Jaromir Jagr in Hurricanes zone.
12:07 of 3rd period - Cory Sarich is hit by Tom Kostopoulos.
12:11 of 3rd period - Shot by Vincent Lecavalier.
12:11 of 3rd period - Shot Misses the Net.
12:15 of 3rd period - Shot by Vincent Lecavalier.
12:15 of 3rd period - Stopped by Cristobal Huet with a rebound.
12:17 of 3rd period - Shot by Tom Poti.
12:17 of 3rd period - Stopped by Cristobal Huet without a rebound.
12:18 of 3rd period - Brendan Morrison wins face-off versus Mats Sundin in Hurricanes zone.
12:18 of 3rd period - Brendan Morrison is hit by Jaromir Jagr.
13:25 of 3rd period - Shot by Erik Cole.
13:25 of 3rd period - Shot Misses the Net.
13:27 of 3rd period - Shot by Erik Cole.
13:27 of 3rd period - Stopped by Martin Gerber without a rebound.
13:28 of 3rd period - Vincent Lecavalier wins face-off versus Eric Belanger in Lightning zone.
13:45 of 3rd period - Shot by Shawn Bates.
13:45 of 3rd period - Shot Misses the Net.
13:57 of 3rd period - Shawn Bates is hit by Eric Lindros and loses puck.
14:38 of 3rd period - Shot by Dimitry Afanasenkov.
14:38 of 3rd period - Stopped by Cristobal Huet without a rebound.
14:39 of 3rd period - Eric Staal wins face-off versus Tim Taylor in Hurricanes zone.
15:30 of 3rd period - Off-side.
15:31 of 3rd period - Vincent Lecavalier wins face-off versus Brendan Morrison in neutral zone.
15:36 of 3rd period - Shot by Vincent Lecavalier.
15:36 of 3rd period - Shot Misses the Net.
15:43 of 3rd period - Minor Penalty to Tom Kostopoulos for Tripping.
15:44 of 3rd period - Mats Sundin wins face-off versus Mikko Koivu in neutral zone.
16:14 of 3rd period - Shot by Carlo Colaiacovo.
16:14 of 3rd period - Stopped by Cristobal Huet without a rebound.
16:15 of 3rd period - Mikko Koivu wins face-off versus Vincent Lecavalier in Hurricanes zone.
16:34 of 3rd period - Shot by Vincent Lecavalier.
16:34 of 3rd period - Shot Misses the Net.
16:36 of 3rd period - Shot by Tom Poti.
16:36 of 3rd period - Shot Blocked by Sergei Gonchar.
17:20 of 3rd period - Shot by Jaromir Jagr.
17:20 of 3rd period - Stopped by Cristobal Huet without a rebound.
17:21 of 3rd period - Vincent Lecavalier wins face-off versus Eric Belanger in Hurricanes zone.
18:04 of 3rd period - Brent Sopel is hit by Ruslan Fedotenko and loses puck.
18:08 of 3rd period - Icing by Aaron Miller.
18:09 of 3rd period - Tim Taylor wins face-off versus Brendan Morrison in Hurricanes zone.
18:49 of 3rd period - Icing by Aaron Miller.
18:50 of 3rd period - Eric Lindros wins face-off versus Brendan Morrison in Hurricanes zone.
18:55 of 3rd period - Shot by Jason Blake.
18:55 of 3rd period - Shot Misses the Net.
19:06 of 3rd period - Hurricanes, Cristobal Huet is pulled from the net.
19:30 of 3rd period - Shot by Jason Blake.
19:30 of 3rd period - Goal by Jason Blake - Lightning : 3 - Hurricanes : 1.
19:30 of 3rd period - Cristobal Huet from Hurricanes was sent back in the game.
19:31 of 3rd period - Eric Staal wins face-off versus Mats Sundin in neutral zone.
19:31 of 3rd period - Eric Staal is hit by Vaclav Prospal.
19:37 of 3rd period - Shot by Erik Cole.
19:37 of 3rd period - Goal by Erik Cole - Lightning : 3 - Hurricanes : 2.
19:38 of 3rd period - Jaromir Jagr wins face-off versus Eric Staal in neutral zone.
19:49 of 3rd period - Minor Penalty to Aaron Ward for Boarding.
19:50 of 3rd period - Mats Sundin wins face-off versus Mikko Koivu in Hurricanes zone.
19:52 of 3rd period - Vaclav Prospal is hit by Kevin Bieksa and loses puck.
19:55 of 3rd period - Shot by Cory Sarich.
19:55 of 3rd period - Stopped by Cristobal Huet without a rebound.
19:55 of 3rd period - Minor Penalty to Sergei Gonchar for Roughing.
19:56 of 3rd period - Vincent Lecavalier wins face-off versus Eric Belanger in Hurricanes zone.


Output by the SimonT Hockey Simulator (STHS) for Stephane Roy -- Original Page W3C XHTML 1.0 Valid